TOP OF THE 1ST |
Beaverton Bronze Souls batting - Pitching for Kenosha Kingfish : LHP Dong-young Kang
|
Pitching: LHP Dong-young Kang
|
|
Batting: RHB Juan Becerra
|
0-0: Foul Ball, location: 2F 0-1: Called Strike 0-2: SINGLE (Groundball, 6D)
|
Batting: RHB Rusty Anderson
|
0-0: Called Strike 0-1: Ball 1-1: SINGLE (Groundball, 4D) Juan Becerra to second Runner from 2nd tries for 3rd, SAFE, no throw
|
Batting: LHB Chance Santry
|
0-0: Ball 1-0: Ground out 4-3 (Groundball, 4MS) Juan Becerra scores Rusty Anderson to second
|
Batting: RHB Carlos Guevara
|
0-0: Ball 1-0: Foul Ball, location: 2F 1-1: Foul Ball, location: 2F 1-2: Strikes out swinging
|
Batting: RHB Tom Hughes
|
0-0: Ball 1-0: Ball 2-0: Called Strike 2-1: Ball 3-1: Foul Ball, location: 2F 3-2: Base on Balls
|
Batting: LHB Cristóbal Gómez
|
0-0: Called Strike 0-1: Swinging Strike 0-2: Ball 1-2: Ball 2-2: Foul Ball, location: 2F 2-2: Strikes out looking
|
Top of the 1st over - 1 run(s), 2 hit(s), 0 error(s), 2 left on base; Beaverton 1 - Kenosha 0 |
BOTTOM OF THE 1ST |
Kenosha Kingfish batting - Pitching for Beaverton Bronze Souls : RHP Terry Norris
|
Pitching: RHP Terry Norris
|
|
Batting: RHB Manuel Gómez
|
0-0: Ball 1-0: Ball 2-0: Swinging Strike 2-1: Called Strike 2-2: Ball 3-2: Foul Ball, location: 2F 3-2: DOUBLE (Line Drive, 8RD)
|
Batting: SHB John Beach
|
0-0: Ball 1-0: Ball 2-0: Foul Ball, location: 2F 2-1: Ground out 6-3 (Groundball, 6)
|
Batting: LHB Jon Quinn
|
0-0: Ball 1-0: Foul Ball, location: 2F 1-1: Swinging Strike 1-2: Ball 2-2: Foul Ball, location: 2F 2-2: Fly out, F7 (Flyball, 7LS)
|
Batting: RHB Sergio Mata
|
0-0: Swinging Strike 0-1: Foul Ball, location: 2F 0-2: SINGLE (Groundball, 34D) Manuel Gómez to third Runner from 3rd tries for Home, SAFE, no throw
|
Batting: SHB Devin Smith
|
0-0: Ball 1-0: Ball Sergio Mata steals 2nd base 2-0: Called Strike 2-1: Called Strike 2-2: Foul Ball, location: 2F 2-2: Strikes out swinging
|
Bottom of the 1st over - 1 run(s), 2 hit(s), 0 error(s), 1 left on base; Beaverton 1 - Kenosha 1 |
TOP OF THE 2ND |
Beaverton Bronze Souls batting - Pitching for Kenosha Kingfish : LHP Dong-young Kang
|
Batting: RHB David Kerr
|
0-0: Called Strike 0-1: Swinging Strike 0-2: Ball 1-2: Foul Ball, location: 2F 1-2: Foul Ball, location: 2F 1-2: Ball 2-2: Ball 3-2: Strikes out swinging
|
Batting: RHB Carlos Carrillo
|
0-0: Called Strike 0-1: Called Strike 0-2: SINGLE (Flyball, 8LS)
|
Batting: SHB Alberto Sandoval
|
0-0: Ball 1-0: Called Strike 1-1: Ball 2-1: Foul Ball, location: 2F 2-2: Foul Ball, location: 2F 2-2: Strikes out swinging
|
Batting: RHB Juan Becerra
|
0-0: Called Strike 0-1: Ball 1-1: Ball 2-1: Ball 3-1: Foul Ball, location: 2F 3-2: Strikes out looking
|
Top of the 2nd over - 0 run(s), 1 hit(s), 0 error(s), 1 left on base; Beaverton 1 - Kenosha 1 |
BOTTOM OF THE 2ND |
Kenosha Kingfish batting - Pitching for Beaverton Bronze Souls : RHP Terry Norris
|
Batting: LHB Dusty Wilson
|
0-0: Ball 1-0: Ball 2-0: SINGLE (Line Drive, 34D)
|
Batting: RHB Eugene Williams
|
0-0: Ball 1-0: Called Strike 1-1: Swinging Strike 1-2: Ball Dusty Wilson is caught stealing 2nd base 2-2: Ball 3-2: Strikes out looking
|
Batting: RHB Bob Lee
|
0-0: Ball 1-0: Fly out, F7 (Flyball, 78M)
|
Bottom of the 2nd over - 0 run(s), 1 hit(s), 0 error(s), 0 left on base; Beaverton 1 - Kenosha 1 |
TOP OF THE 3RD |
Beaverton Bronze Souls batting - Pitching for Kenosha Kingfish : LHP Dong-young Kang
|
Batting: RHB Rusty Anderson
|
0-0: Ball 1-0: Called Strike 1-1: Fly out, F7 (Flyball, 7S)
|
Batting: LHB Chance Santry
|
0-0: DOUBLE (Line Drive, 9D)
|
Batting: RHB Carlos Guevara
|
0-0: Called Strike 0-1: Foul Ball, location: 2F 0-2: Ball 1-2: Ball 2-2: Ball 3-2: Strikes out looking
|
Batting: RHB Tom Hughes
|
0-0: Foul Ball, location: 2F 0-1: Ball 1-1: Ground out 5-3 (Groundball, 5)
|
Top of the 3rd over - 0 run(s), 1 hit(s), 0 error(s), 1 left on base; Beaverton 1 - Kenosha 1 |
BOTTOM OF THE 3RD |
Kenosha Kingfish batting - Pitching for Beaverton Bronze Souls : RHP Terry Norris
|
Batting: RHB Tommy Davenport
|
0-0: Ball 1-0: Ball 2-0: Called Strike 2-1: Called Strike 2-2: Strikes out swinging
|
Batting: RHB Manuel Gómez
|
0-0: Ball 1-0: Fly out, F9 (Flyball, 9LS)
|
Batting: SHB John Beach
|
0-0: Called Strike 0-1: Ball 1-1: Called Strike 1-2: Ball 2-2: SINGLE (Groundball, 34D)
|
Batting: LHB Jon Quinn
|
0-0: Ball 1-0: Ball 2-0: 2-RUN HOME RUN (Flyball, 89XD), Distance : 434 ft
|
Batting: RHB Sergio Mata
|
0-0: Called Strike 0-1: Ball 1-1: Swinging Strike 1-2: Foul Ball, location: 2F 1-2: Ball 2-2: Reached on error, E5 (Groundball, 56)
|
Batting: SHB Devin Smith
|
0-0: Ball 1-0: Called Strike 1-1: Ball 2-1: Ball 3-1: SINGLE (Flyball, 7LS) Sergio Mata to third Runner from 3rd tries for Home, SAFE, no throw
|
Batting: LHB Dusty Wilson
|
0-0: Ball 1-0: Swinging Strike 1-1: Ball 2-1: Swinging Strike 2-2: Strikes out swinging
|
Bottom of the 3rd over - 3 run(s), 3 hit(s), 1 error(s), 1 left on base; Beaverton 1 - Kenosha 4 |
TOP OF THE 4TH |
Beaverton Bronze Souls batting - Pitching for Kenosha Kingfish : LHP Dong-young Kang
|
Batting: LHB Cristóbal Gómez
|
0-0: Ball 1-0: Foul Ball, location: 2F 1-1: Foul Ball, location: 2F 1-2: Ball 2-2: Ball 3-2: Base on Balls
|
Batting: RHB David Kerr
|
0-0: Called Strike 0-1: DOUBLE (Line Drive, 7LM) Cristóbal Gómez to third
|
Batting: RHB Carlos Carrillo
|
0-0: Called Strike 0-1: Called Strike 0-2: SINGLE (Line Drive, 7S) Cristóbal Gómez scores David Kerr to third
|
Batting: SHB Alberto Sandoval
|
0-0: Called Strike 0-1: Ball 1-1: Called Strike 1-2: Ball 2-2: Ball 3-2: Fly out, F5 (Line Drive, 56)
|
Batting: RHB Juan Becerra
|
0-0: Ball Carlos Carrillo steals 2nd base 1-0: Called Strike 1-1: Swinging Strike 1-2: Fly out, F7 (Flyball, 78D) Runner from 3rd tags up, SCORES, no throw
|
Batting: RHB Rusty Anderson
|
0-0: Called Strike 0-1: Ground out 6-3 (Groundball, 6)
|
Top of the 4th over - 2 run(s), 2 hit(s), 0 error(s), 1 left on base; Beaverton 3 - Kenosha 4 |
BOTTOM OF THE 4TH |
Kenosha Kingfish batting - Pitching for Beaverton Bronze Souls : RHP Terry Norris
|
Batting: RHB Eugene Williams
|
0-0: Called Strike 0-1: Ball 1-1: Called Strike 1-2: Strikes out swinging
|
Batting: RHB Bob Lee
|
0-0: Ground out 4-3 (Groundball, 4S)
|
Batting: RHB Tommy Davenport
|
0-0: Called Strike 0-1: Called Strike 0-2: Ball 1-2: Foul Ball, location: 2F 1-2: Ball 2-2: Foul Ball, location: 2F 2-2: Ball 3-2: Foul Ball, location: 2F 3-2: Foul Ball, location: 2F 3-2: Strikes out swinging
|
Bottom of the 4th over - 0 run(s), 0 hit(s), 0 error(s), 0 left on base; Beaverton 3 - Kenosha 4 |
TOP OF THE 5TH |
Beaverton Bronze Souls batting - Pitching for Kenosha Kingfish : LHP Dong-young Kang
|
Batting: LHB Chance Santry
|
0-0: Called Strike 0-1: Fly out, F7 (Flyball, 7)
|
Pitching: RHP Aubrey Hudson
|
|
Batting: RHB Carlos Guevara
|
0-0: Fly out, F7 (Line Drive, 78M)
|
Batting: RHB Tom Hughes
|
0-0: Fly out, F8 (Flyball, 8LM)
|
Top of the 5th over - 0 run(s), 0 hit(s), 0 error(s), 0 left on base; Beaverton 3 - Kenosha 4 |
BOTTOM OF THE 5TH |
Kenosha Kingfish batting - Pitching for Beaverton Bronze Souls : RHP Terry Norris
|
Pitching: RHP Roberto Deleón
|
|
Batting: RHB Manuel Gómez
|
0-0: Called Strike 0-1: Foul Ball, location: 2F 0-2: Ball 1-2: Strikes out swinging
|
Batting: SHB John Beach
|
0-0: Called Strike 0-1: Foul Ball, location: 2F 0-2: Ball 1-2: Ball 2-2: Ball 3-2: Strikes out looking
|
Batting: LHB Jon Quinn
|
0-0: SINGLE (Groundball, 4MD)
|
Batting: RHB Sergio Mata
|
0-0: Ball 1-0: Ball 2-0: Ball 3-0: Called Strike 3-1: Foul Ball, location: 2F 3-2: Base on Balls Jon Quinn to second
|
Batting: SHB Devin Smith
|
0-0: Ball 1-0: Called Strike 1-1: Ball 2-1: Foul Ball, location: 2F 2-2: SINGLE (Line Drive, 7S) Jon Quinn to third Sergio Mata to second Runner from 3rd tries for Home, SAFE, no throw
|
Batting: LHB Dusty Wilson
|
0-0: Fly out, F9 (Flyball, 89S)
|
Bottom of the 5th over - 1 run(s), 2 hit(s), 0 error(s), 2 left on base; Beaverton 3 - Kenosha 5 |
TOP OF THE 6TH |
Beaverton Bronze Souls batting - Pitching for Kenosha Kingfish : RHP Aubrey Hudson
|
Batting: LHB Cristóbal Gómez
|
0-0: Ball 1-0: Ball 2-0: Ball 3-0: Called Strike 3-1: Base on Balls
|
Batting: RHB David Kerr
|
0-0: Ball 1-0: Ball 2-0: Fielders Choice at 2nd, 5-4 (Groundball, 5)
|
Batting: RHB Carlos Carrillo
|
0-0: Ball 1-0: Called Strike 1-1: Ball 2-1: Foul Ball, location: 2F 2-2: Foul Ball, location: 2F 2-2: Ball 3-2: Base on Balls David Kerr to second
|
Batting: SHB Alberto Sandoval
|
0-0: Fly out, F7 (Flyball, 7S)
|
Batting: RHB Juan Becerra
|
0-0: Ball 1-0: Foul Ball, location: 2F 1-1: SINGLE (Groundball, 56D) David Kerr to third Carlos Carrillo to second Runner from 3rd tries for Home, SAFE, no throw
|
Batting: RHB Rusty Anderson
|
0-0: Fly out, F8 (Flyball, 8RM)
|
Top of the 6th over - 1 run(s), 1 hit(s), 0 error(s), 2 left on base; Beaverton 4 - Kenosha 5 |
BOTTOM OF THE 6TH |
Kenosha Kingfish batting - Pitching for Beaverton Bronze Souls : RHP Roberto Deleón
|
Batting: RHB Eugene Williams
|
0-0: Called Strike 0-1: Ball 1-1: Fly out, F3 (Popup, 34S)
|
Batting: RHB Bob Lee
|
0-0: Called Strike 0-1: Ball 1-1: Ball 2-1: SINGLE (Line Drive, 8RS)
|
Batting: RHB Tommy Davenport
|
0-0: Ball Bob Lee is caught stealing 2nd base 1-0: DOUBLE (Line Drive, 9LM)
|
Batting: RHB Manuel Gómez
|
0-0: TRIPLE (Flyball, 8RXD) Tommy Davenport scores
|
Pitching: RHP Ben Hepworth
|
|
Batting: SHB John Beach
|
0-0: Called Strike 0-1: Ball 1-1: Ball 2-1: Ball 3-1: Ground out 4-3 (Groundball, 4)
|
Bottom of the 6th over - 1 run(s), 3 hit(s), 0 error(s), 1 left on base; Beaverton 4 - Kenosha 6 |
TOP OF THE 7TH |
Beaverton Bronze Souls batting - Pitching for Kenosha Kingfish : RHP Aubrey Hudson
|
Batting: LHB Chance Santry
|
0-0: Foul Ball, location: 2F 0-1: Ball 1-1: Ball 2-1: Ball 3-1: Called Strike 3-2: Foul Ball, location: 2F 3-2: Ground out U3 (Groundball, 3S)
|
Batting: RHB Carlos Guevara
|
0-0: Ground out 6-3 (Groundball, 6)
|
Batting: RHB Tom Hughes
|
0-0: SOLO HOME RUN (Line Drive, 78XD), Distance : 424 ft
|
Batting: LHB Cristóbal Gómez
|
0-0: Ball 1-0: Ball 2-0: Ball 3-0: Base on Balls
|
Pitching: LHP Javier Robles
|
|
Batting: RHB David Kerr
|
0-0: DOUBLE (Line Drive, 9LS) Cristóbal Gómez to third Runner from 3rd tries for Home, SAFE, no throw
|
Batting: RHB Carlos Carrillo
|
0-0: Ball 1-0: Ground out 4-3 (Groundball, 4)
|
Top of the 7th over - 2 run(s), 2 hit(s), 0 error(s), 1 left on base; Beaverton 6 - Kenosha 6 |
BOTTOM OF THE 7TH |
Kenosha Kingfish batting - Pitching for Beaverton Bronze Souls : RHP Ben Hepworth
|
Batting: LHB Jon Quinn
|
0-0: Swinging Strike 0-1: Ball 1-1: Ball 2-1: Ball 3-1: Base on Balls
|
Pinch Hitting: LHB Henry Durham
|
0-0: Called Strike 0-1: Ball 1-1: Fly out, F7 (Flyball, 7LM)
|
Pinch Hitting: RHB Rubén Hernández
|
0-0: SINGLE (Flyball, 9LM) Jon Quinn to second Runner from 2nd tries for 3rd, SAFE, throw made to third
|
Batting: LHB Dusty Wilson
|
0-0: Called Strike 0-1: Ball 1-1: Swinging Strike 1-2: Strikes out swinging
|
Batting: RHB Eugene Williams
|
0-0: Called Strike 0-1: Foul Ball, location: 2F 0-2: Strikes out swinging
|
Bottom of the 7th over - 0 run(s), 1 hit(s), 0 error(s), 2 left on base; Beaverton 6 - Kenosha 6 |
TOP OF THE 8TH |
Beaverton Bronze Souls batting - Pitching for Kenosha Kingfish : LHP Javier Robles
|
Now at SS: David Barker
|
|
Now in RF: Henry Durham
|
|
Batting: SHB Alberto Sandoval
|
0-0: Called Strike 0-1: Ball 1-1: Foul Ball, location: 2F 1-2: Strikes out swinging
|
Batting: RHB Juan Becerra
|
0-0: Called Strike 0-1: Foul Ball, location: 2F 0-2: Strikes out looking
|
Batting: RHB Rusty Anderson
|
0-0: Foul Ball, location: 2F 0-1: Ball 1-1: Swinging Strike 1-2: Ball 2-2: Strikes out swinging
|
Top of the 8th over - 0 run(s), 0 hit(s), 0 error(s), 0 left on base; Beaverton 6 - Kenosha 6 |
BOTTOM OF THE 8TH |
Kenosha Kingfish batting - Pitching for Beaverton Bronze Souls : RHP Ben Hepworth
|
Pinch Hitting: LHB Gustavo Gómez
|
0-0: Ball 1-0: Called Strike 1-1: Foul Ball, location: 2F 1-2: Strikes out swinging
|
Pinch Hitting: LHB Richard Brooks
|
0-0: Ball 1-0: Foul Ball, location: 2F 1-1: Ground out 5-3 (Groundball, 56)
|
Batting: RHB Manuel Gómez
|
0-0: Ball 1-0: Called Strike 1-1: Fly out, F7 (Line Drive, 7)
|
Bottom of the 8th over - 0 run(s), 0 hit(s), 0 error(s), 0 left on base; Beaverton 6 - Kenosha 6 |
TOP OF THE 9TH |
Beaverton Bronze Souls batting - Pitching for Kenosha Kingfish : LHP Javier Robles
|
Pitching: RHP Júlio Vargas
|
|
Now in CF: Júlio Valentín
|
|
Now in RF: Richard Brooks
|
|
Batting: LHB Chance Santry
|
0-0: Called Strike 0-1: Called Strike 0-2: Ball 1-2: Foul Ball, location: 2F 1-2: Fly out, F8 (Flyball, 8LM)
|
Pinch Hitting: SHB Dawson Fowler
|
0-0: Called Strike 0-1: Called Strike 0-2: Ball 1-2: Ball 2-2: Ball 3-2: Strikes out looking
|
Batting: RHB Tom Hughes
|
0-0: Foul Ball, location: 2F 0-1: Ball 1-1: Foul Ball, location: 2F 1-2: Ball 2-2: Foul Ball, location: 2F 2-2: Foul Ball, location: 2F 2-2: Ground out 6-3 (Groundball, 6)
|
Top of the 9th over - 0 run(s), 0 hit(s), 0 error(s), 0 left on base; Beaverton 6 - Kenosha 6 |
BOTTOM OF THE 9TH |
Kenosha Kingfish batting - Pitching for Beaverton Bronze Souls : RHP Ben Hepworth
|
Pitching: LHP Mike Stevens
|
|
Now at 2B: José Dávila
|
|
Batting: SHB John Beach
|
0-0: Called Strike 0-1: Called Strike 0-2: Ball 1-2: Foul Ball, location: 2F 1-2: Ball 2-2: Ball 3-2: Base on Balls
|
Pinch Hitting: RHB Esteban Ayala
|
0-0: Fly out, F9 (Flyball, 9LSF)
|
Batting: LHB Henry Durham
|
0-0: Ball 1-0: SINGLE (Groundball, 6MD) John Beach to second
|
Pinch Hitting: RHB José Vargas
|
0-0: Called Strike 0-1: Foul Ball, location: 2F 0-2: Ball 1-2: Ball 2-2: Strikes out looking
|
Batting: LHB Dusty Wilson
|
0-0: Foul Ball, location: 2F 0-1: Foul Ball, location: 2F 0-2: Foul Ball, location: 2F 0-2: Ball 1-2: Foul Ball, location: 2F 1-2: Ball 2-2: Strikes out swinging
|
Bottom of the 9th over - 0 run(s), 1 hit(s), 0 error(s), 2 left on base; Beaverton 6 - Kenosha 6 |
TOP OF THE 10TH |
Beaverton Bronze Souls batting - Pitching for Kenosha Kingfish : RHP Júlio Vargas
|
Now at SS: Esteban Ayala
|
|
Now in LF: José Vargas
|
|
Batting: LHB Cristóbal Gómez
|
0-0: Ball 1-0: Ball 2-0: Called Strike 2-1: Called Strike 2-2: Strikes out swinging
|
Pinch Hitting: LHB Luis Aragón
|
0-0: Called Strike 0-1: SINGLE (Line Drive, 8RS)
|
Pinch Runner at 1st Chris Hall:
|
|
Batting: RHB Carlos Carrillo
|
0-0: Ball 1-0: Called Strike 1-1: Foul Ball, location: 2F 1-2: Ball 2-2: Strikes out swinging
|
Batting: SHB Alberto Sandoval
|
0-0: Ball 1-0: Ball 2-0: Ball 3-0: Called Strike 3-1: Base on Balls Chris Hall to second
|
Batting: RHB Juan Becerra
|
0-0: Ball 1-0: Fielders Choice at 2nd, 6-4 (Groundball, 56)
|
Top of the 10th over - 0 run(s), 1 hit(s), 0 error(s), 1 left on base; Beaverton 6 - Kenosha 6 |
BOTTOM OF THE 10TH |
Kenosha Kingfish batting - Pitching for Beaverton Bronze Souls : LHP Mike Stevens
|
Now at SS: Joe Brinkman
|
|
Pinch Hitting: RHB Doug Lutz
|
0-0: Ball 1-0: Ball 2-0: Called Strike 2-1: Foul Ball, location: 2F 2-2: Foul Ball, location: 2F 2-2: Strikes out swinging
|
Batting: SHB Júlio Valentín
|
0-0: Foul Ball, location: 2F 0-1: Ball 1-1: Foul Ball, location: 2F 1-2: Ball 2-2: Ball 3-2: Base on Balls
|
Batting: LHB Richard Brooks
|
0-0: Ball 1-0: Ground out 4-3 (Groundball, 34) Júlio Valentín to second
|
Batting: RHB Manuel Gómez
|
0-0: Ground out 5-3 (Groundball, 56)
|
Bottom of the 10th over - 0 run(s), 0 hit(s), 0 error(s), 1 left on base; Beaverton 6 - Kenosha 6 |
TOP OF THE 11TH |
Beaverton Bronze Souls batting - Pitching for Kenosha Kingfish : RHP Júlio Vargas
|
Pitching: RHP Augusto Ruíz
|
|
Now at C: Davey Casey
|
|
Batting: RHB Rusty Anderson
|
0-0: Fly out, F5 (Line Drive, 5)
|
Batting: LHB Chance Santry
|
0-0: Ball 1-0: Foul Ball, location: 2F 1-1: Swinging Strike 1-2: Ball 2-2: SINGLE (Line Drive, 7S)
|
Batting: RHB José Dávila
|
0-0: Fielders Choice at 2nd, 5-4 (Groundball, 56)
|
Batting: RHB Tom Hughes
|
0-0: Called Strike 0-1: Ball José Dávila steals 2nd base 1-1: Swinging Strike 1-2: Strikes out swinging
|
Top of the 11th over - 0 run(s), 1 hit(s), 0 error(s), 1 left on base; Beaverton 6 - Kenosha 6 |
BOTTOM OF THE 11TH |
Kenosha Kingfish batting - Pitching for Beaverton Bronze Souls : LHP Mike Stevens
|
Pitching: LHP Gabriel Rodríguez
|
|
Batting: SHB John Beach
|
0-0: Ball 1-0: Called Strike 1-1: Foul Ball, location: 2F 1-2: Foul Ball, location: 2F 1-2: Ball 2-2: Ball 3-2: Strikes out swinging
|
Batting: RHB Esteban Ayala
|
0-0: Ball 1-0: Ball 2-0: Foul Ball, location: 2F 2-1: Foul Ball, location: 2F 2-2: SINGLE (Flyball, 8LS)
|
Batting: LHB Henry Durham
|
0-0: Ball 1-0: Ball 2-0: Called Strike 2-1: Ball 3-1: Base on Balls Esteban Ayala to second
|
Batting: RHB José Vargas
|
0-0: Foul Ball, location: 2F 0-1: Foul Ball, location: 2F 0-2: Ball 1-2: Strikes out swinging
|
Batting: LHB Dusty Wilson
|
0-0: Called Strike 0-1: Ball 1-1: Ball 2-1: SINGLE (Line Drive, 89S) Esteban Ayala to third Henry Durham to second
|
Batting: LHB Davey Casey
|
0-0: Swinging Strike 0-1: Foul Ball, location: 2F 0-2: Strikes out looking
|
Bottom of the 11th over - 0 run(s), 2 hit(s), 0 error(s), 3 left on base; Beaverton 6 - Kenosha 6 |
TOP OF THE 12TH |
Beaverton Bronze Souls batting - Pitching for Kenosha Kingfish : RHP Augusto Ruíz
|
Batting: LHB Cristóbal Gómez
|
0-0: Called Strike 0-1: Foul Ball, location: 2F 0-2: Ball 1-2: Ball 2-2: Ball 3-2: Foul Ball, location: 2F 3-2: Foul Ball, location: 2F 3-2: Fly out, F7 (Flyball, 7)
|
Batting: RHB Joe Brinkman
|
0-0: Called Strike 0-1: Ground out 1-3 (Groundball, 13S)
|
Batting: RHB Carlos Carrillo
|
0-0: Foul Ball, location: 2F 0-1: Ball 1-1: Swinging Strike 1-2: Strikes out swinging
|
Top of the 12th over - 0 run(s), 0 hit(s), 0 error(s), 0 left on base; Beaverton 6 - Kenosha 6 |
BOTTOM OF THE 12TH |
Kenosha Kingfish batting - Pitching for Beaverton Bronze Souls : LHP Gabriel Rodríguez
|
Batting: SHB Júlio Valentín
|
0-0: Foul Ball, location: 2F 0-1: Ball 1-1: Swinging Strike 1-2: Ball 2-2: Foul Ball, location: 2F 2-2: Foul Ball, location: 2F 2-2: Ball 3-2: SINGLE (Groundball, 56D)
|
Batting: LHB Richard Brooks
|
0-0: Called Strike 0-1: Foul Ball, location: 2F 0-2: Ball 1-2: Strikes out looking
|
Batting: RHB Manuel Gómez
|
0-0: Fly out, F9 (Flyball, 89S)
|
Batting: SHB John Beach
|
0-0: Ball 1-0: Fly out, F7 (Line Drive, 78M)
|
Bottom of the 12th over - 0 run(s), 1 hit(s), 0 error(s), 1 left on base; Beaverton 6 - Kenosha 6 |
TOP OF THE 13TH |
Beaverton Bronze Souls batting - Pitching for Kenosha Kingfish : RHP Augusto Ruíz
|
Batting: SHB Alberto Sandoval
|
0-0: Foul Ball, location: 2F 0-1: Ball 1-1: Ball 2-1: Foul Ball, location: 2F 2-2: Fly out, F7 (Flyball, 7S)
|
Batting: RHB Juan Becerra
|
0-0: Ball 1-0: Called Strike 1-1: Ball 2-1: Ball 3-1: Base on Balls
|
Batting: RHB Rusty Anderson
|
0-0: Ball 1-0: Ball 2-0: Called Strike 2-1: Called Strike Juan Becerra is caught stealing 2nd base 2-2: Foul Ball, location: 2F 2-2: Fly out, F9 (Flyball, 9S)
|
Top of the 13th over - 0 run(s), 0 hit(s), 0 error(s), 0 left on base; Beaverton 6 - Kenosha 6 |
BOTTOM OF THE 13TH |
Kenosha Kingfish batting - Pitching for Beaverton Bronze Souls : LHP Gabriel Rodríguez
|
Batting: RHB Esteban Ayala
|
0-0: Foul Ball, location: 2F 0-1: Ball 1-1: Ball 2-1: Fly out, F8 (Flyball, 8RM)
|
Batting: LHB Henry Durham
|
0-0: Swinging Strike 0-1: Called Strike 0-2: Ball 1-2: Ball 2-2: Strikes out looking
|
Batting: RHB José Vargas
|
0-0: Ball 1-0: Called Strike 1-1: Swinging Strike 1-2: Ball 2-2: Foul Ball, location: 2F 2-2: Foul Ball, location: 2F 2-2: Ball 3-2: Base on Balls
|
Batting: LHB Dusty Wilson
|
0-0: Ball 1-0: Called Strike 1-1: Fly out, F8 (Flyball, 8RS)
|
Bottom of the 13th over - 0 run(s), 0 hit(s), 0 error(s), 1 left on base; Beaverton 6 - Kenosha 6 |
TOP OF THE 14TH |
Beaverton Bronze Souls batting - Pitching for Kenosha Kingfish : RHP Augusto Ruíz
|
Batting: LHB Chance Santry
|
0-0: Ball 1-0: Ball 2-0: Foul Ball, location: 2F 2-1: Ball 3-1: Base on Balls
|
Batting: RHB José Dávila
|
0-0: Ball 1-0: Called Strike 1-1: Ball 2-1: Foul Ball, location: 2F 2-2: Strikes out swinging
|
Batting: RHB Tom Hughes
|
0-0: Ball 1-0: Ball 2-0: Ball 3-0: Foul Ball, location: 2F 3-1: Called Strike 3-2: Strikes out swinging Chance Santry is caught stealing 2nd base Batter strikes out.
|
Top of the 14th over - 0 run(s), 0 hit(s), 0 error(s), 0 left on base; Beaverton 6 - Kenosha 6 |
BOTTOM OF THE 14TH |
Kenosha Kingfish batting - Pitching for Beaverton Bronze Souls : LHP Gabriel Rodríguez
|
Batting: LHB Davey Casey
|
0-0: Ground out 6-3 (Groundball, 6)
|
Batting: SHB Júlio Valentín
|
0-0: Ball 1-0: Ball 2-0: Ball 3-0: Base on Balls
|
Batting: LHB Richard Brooks
|
0-0: Called Strike 0-1: Ball 1-1: Ball 2-1: Ball 3-1: Fly out, F9 (Line Drive, 89D)
|
Batting: RHB Manuel Gómez
|
0-0: Foul Ball, location: 2F 0-1: Fly out, F7 (Flyball, 78M)
|
Bottom of the 14th over - 0 run(s), 0 hit(s), 0 error(s), 1 left on base; Beaverton 6 - Kenosha 6 |
TOP OF THE 15TH |
Beaverton Bronze Souls batting - Pitching for Kenosha Kingfish : RHP Augusto Ruíz
|
Batting: LHB Cristóbal Gómez
|
0-0: Ball 1-0: Ball 2-0: Ball 3-0: Base on Balls
|
Batting: RHB Joe Brinkman
|
0-0: Swinging Strike 0-1: Ball 1-1: Sac Bunt - play at first, batter OUT! 1-4 Cristóbal Gómez to second
|
Batting: RHB Carlos Carrillo
|
0-0: Called Strike 0-1: SINGLE (Groundball, 6D) Cristóbal Gómez to third Runner from 3rd tries for Home, throw and OUT! Carlos Carrillo to second
|
Pitching: RHP Bo Adams
|
|
Batting: SHB Alberto Sandoval
|
0-0: Foul Ball, location: 2F 0-1: Foul Ball, location: 2F 0-2: Strikes out looking
|
Top of the 15th over - 0 run(s), 1 hit(s), 0 error(s), 1 left on base; Beaverton 6 - Kenosha 6 |
BOTTOM OF THE 15TH |
Kenosha Kingfish batting - Pitching for Beaverton Bronze Souls : LHP Gabriel Rodríguez
|
Batting: SHB John Beach
|
0-0: Called Strike 0-1: SINGLE (Groundball, 6MD)
|
Batting: RHB Esteban Ayala
|
0-0: Called Strike 0-1: Called Strike 0-2: Strikes out looking
|
Batting: LHB Henry Durham
|
0-0: SINGLE (Line Drive, 8LS) John Beach to second
|
Batting: RHB José Vargas
|
0-0: Ball 1-0: Called Strike 1-1: Foul Ball, location: 2F 1-2: SINGLE (Flyball, 8RS) John Beach to third Henry Durham to second Runner from 3rd tries for Home, SAFE, no throw
|
Thursday, March 30th, 2017 - OOTP Baseball 17.12 Build 75
|
|